 Dungeon Crawl Stone Soup version 0.27-a0-1136-g0b992a5a9d (webtiles) character file.

Game seed: 16710581892506246048

39 kae the Skirmisher (level 3, -12/33 HPs)
             Began as a Hill Orc Fighter on May 4, 2021.
             Killed by nerve-wracking pain
             ... invoked by Jessica
              (13 damage)
             ... on level 2 of the Dungeon.
             The game lasted 00:00:41 (1427 turns).

kae the Skirmisher (Hill Orc Fighter)               Turns: 1427, Time: 00:00:42

Health: -12/33     AC:  7    Str: 17    XL:     3   Next: 45%
Magic:  3/3        EV:  7    Int:  8    God:
Gold:   97         SH:  8    Dex: 10    Spells: 2/2 levels left

rFire    . . .     SeeInvis .   a - +0 war axe
rCold    . . .     Faith    .   c - +0 kite shield
rNeg     . . .     Spirit   .   b - +0 scale mail
rPois    .         Reflect  .   (no helmet)
rElec    .         Harm     .   (no cloak)
rCorr    .         Rampage  .   (no gloves)
Will     .....                  (no boots)
Stlth    ..........             (no amulet)
HPRegen  0.11/turn              (no ring)
MPRegen  0.08/turn              (no ring)

@: lethally poisoned (-12 -> -18), slowed, very slow
A: weak 1, evolution 1, no potion heal 1
a: no special abilities


You were on level 2 of the Dungeon.
You visited 1 branch of the dungeon, and saw 2 of its levels.

You collected 97 gold pieces.

Inventory:

Hand Weapons
 a - a +0 war axe (weapon)
Armour
 b - a +0 scale mail (worn)
 c - a +0 kite shield (worn)
Scrolls
 e - a scroll of brand weapon {unknown}
Potions
 d - a potion of might


   Skills:
 + Level 4.1 Fighting
 + Level 4.0 Axes
 + Level 3.7 Armour
 - Level 3.2 Shields


You had 2 spell levels left.
You didn't know any spells.
Your spell library contained the following spells:

 Spells                   Type           Power      Damage    Failure   Level
 Foxfire                  Conj/Fire      0%         2x1d4     100%        1
 Conjure Flame            Conj/Fire      0%         6-21      100%        3
 Inner Flame              Hex/Fire       0%         N/A       100%        3
 Sticky Flame             Conj/Fire      0%         2d3       100%        4
 Fireball                 Conj/Fire      0%         3d3       100%        5


Dungeon Overview and Level Annotations

Branches:
Dungeon (2/15)

Altars:

Annotations:
D:2 Jessica


Innate Abilities, Weirdness & Mutations

You are weak. (Str -2)
You evolve.
Potions are less effective at restoring your health.


Message History

Jessica points at you and mumbles some strange words.
You feel yourself slow down.
There are monsters nearby!
You barely miss Jessica. Jessica hits you with a +0 club.
Jessica gestures at you while chanting. Pain shoots through your body!
You are too injured to fight recklessly!
There are monsters nearby!
You are too injured to fight recklessly!
You are too injured to fight recklessly!
There are monsters nearby!
You are too injured to fight recklessly!
You are too injured to fight recklessly!
You are too injured to fight recklessly!
You are too injured to fight recklessly!
You hit Jessica but do no damage. Jessica hits you with a +0 club.
You block the adder's attack. Jessica hits you but does no damage.
You block the adder's attack.
Jessica points at you and mumbles some strange words.
Pain shoots through your body!
* * * LOW HITPOINT WARNING * * *
You hit Jessica.
Jessica is heavily wounded.
You closely miss the adder. The adder closely misses you. x2
Jessica casts a spell.
Jessica blinks!
The adder bites you.
* * * LOW HITPOINT WARNING * * *
Jessica points at you and mumbles some strange words.
You resist with some effort.
It was a potion of mutation.
You feel extremely strange.
You feel weaker.
Your system partially rejects the healing effects of potions.
You feel nature experimenting on you.
Don't worry, failures die fast.
The adder bites you.
* * * LOW HITPOINT WARNING * * *
You are lethally poisoned!
The adder poisons you! Jessica gestures at you while chanting.
Pain shoots through your body!
You die...

######## #......# ##
#@.....# .#
#####......## .♣♣♣
#.....S@...†# ♣..♣♣
#.....§##...# ♣♣P.♣
.......##...#########
.P..♣
.......+...........>#
♣.♣♣♣
#......##...#######.#
.♣♣♣♣ ###+### #####
####.# ♣...♣ #....#
♣♣♣.♣ ♣♣.♣..# ..#.#
♣..♣♣.#


You could see an adder and Jessica.

Vanquished Creatures
  2 dart slugs
  6 ball pythons
  An endoplasm (D:2)
  4 giant cockroaches (D:1)
  A goblin (D:1)
  5 hobgoblins
  5 kobolds
  A quokka (D:1)
  2 bats (D:1)
  2 frilled lizards (D:1)
  2 rats (D:1)
31 creatures vanquished.

Vanquished Creatures (others)
  A plant (D:2)
1 creature vanquished.

Grand Total: 32 creatures vanquished

Notes
Turn   | Place    | Note
-------+----------+-------------------------------------------
     0 | D:1      | kae the Hill Orc Fighter began the quest for the Orb.
     0 | D:1      | Reached XP level 1. HP: 19/19 MP: 1/1
   162 | D:1      | Reached XP level 2. HP: 17/27 MP: 2/2
   563 | D:1      | Found a faded altar of an unknown god.
   704 | D:1      | Reached XP level 3. HP: 31/33 MP: 3/3
  1421 | D:2      | Noticed Jessica
  1427 | D:2      | Gained mutation: You are weak. (Str -2) [potion of
                  | mutation]
  1427 | D:2      | Gained mutation: Potions are less effective at restoring
                  | your health. [potion of mutation]
  1427 | D:2      | Gained mutation: You evolve. [potion of mutation]
  1427 | D:2      | HP: 1/33 [adder (1)]
  1427 | D:2      | Killed from afar by Jessica

Illustrated notes

Levels and vault maps discovered:
D:1:      nzn_arrival_depleted_hourglass, layout_basic,
          shapermc_ecumenical_altar_mp_highgroup, minmay_box_of_dots
D:2:      layout_basic, serial_forest, infiniplex_forest_lined_room_2,
          infiniplex_forest_straight_1, infiniplex_forest_clump_long,
          infiniplex_forest_lined_2, infiniplex_forest_lined_4_way,
          infiniplex_forest_zigzag_1, infiniplex_forest_straight_5,
          infiniplex_forest_zigzag_2, infiniplex_forest_clump_small,
          infiniplex_forest_side_room, uniq_jessica, uniq_sigmund

Skill      XL: |  1  2  3 |
---------------+----------+-----
Axes           | 3 4 |  4.0
Fighting       | 4 |  4.1
Armour         | |  3.7
Shields        | |  3.2

Action                   || total
-------------------------++-------
Melee: War axe           ||   117
  Use: Potion            ||     1
Armor: Scale mail        ||    69
Dodge: Dodged            ||    52
Block: Kite shield       ||    66

Table legend: (Time is in decaauts)
 A = Elapsed time spent in this place.
 B = Non-inter-level travel time spent in this place.
 C = Inter-level travel time spent in this place.
 D = Time resting spent in this place.
 E = Time spent auto-exploring this place.
 F = Levels seen in this place.
 G = Mean time per level.
                   A        B        C        D        E       F      G
               +--------+--------+--------+--------+--------+-----+--------+
         Total |   1493 |   1477 |     16 |      0 |   1207 |   2 |  746.5 |
       Dungeon |   1493 |   1477 |     16 |      0 |   1207 |   2 |  746.5 |
               +--------+--------+--------+--------+--------+-----+--------+

Top non-repeatable levels by time:
     D:1: 1023 daAuts
     D:2: 469 daAuts
